 Dungeon Crawl Stone Soup version 0.21-a0-641-geef9d7f (webtiles) character file.

30 urgleburgle the Grave Robber (level 3, 0/26 HPs)
             Began as a Hill Orc Necromancer on Dec 31, 2017.
             Slain by an adder (3 damage)
             ... on level 1 of the Dungeon.
             The game lasted 00:04:42 (1128 turns).

urgleburgle the Grave Robber (Hill Orc Necromancer) Turns: 1128, Time: 00:04:43

Health: 0/26       AC:  3    Str: 11    XL:     3   Next: 18%
Magic:  1/5        EV: 11    Int: 15    God:
Gold:   162        SH:  0    Dex: 11    Spells: 4/5 levels left

rFire    . . .     SeeInvis .   e - +1 hand axe (curse)
rCold    + . .     Gourm    .   (no shield)
rNeg     . . .     Faith    .   d - +0 leather armour
rPois    .         Spirit   .   (no helmet)
rElec    .         Reflect  .   (no cloak)
rCorr    .         Harm     .   (no gloves)
MR       .....                  (no boots)
Stlth    +.........             (no amulet)
HPRegen  0.08/turn              j - ring of protection from cold
MPRegen  0.09/turn              (no ring)

@: no status effects
A: no striking features
a: no special abilities


You were on level 1 of the Dungeon.
You were very hungry.

You visited 1 branch of the dungeon, and saw 2 of its levels.

You collected 162 gold pieces.

Inventory:

Hand Weapons
 e - a cursed +1 hand axe (weapon)
Missiles
 f - 65 bolts
 g - 17 arrows
Armour
 d - a +0 leather armour (worn)
Jewellery
 j - a ring of protection from cold (left hand)
Scrolls
 h - a scroll of identify
Potions
 a - a potion of heal wounds {unknown}
 i - a potion of curing
Books
 b - a book of Necromancy

   Spells                             Type                      Level
   a - Pain                           Necromancy                   1
   b - Animate Skeleton               Necromancy                   1
   c - Vampiric Draining              Necromancy                   3
   d - Regeneration                   Charms/Necromancy            3
   e - Animate Dead                   Necromancy                   4
   f - Borgnjor's Vile Clutch         Necromancy/Earth             5
Comestibles
 c - 2 rations


   Skills:
 + Level 0.1 Axes
 + Level 0.5 Armour
 + Level 1.5 Dodging
 + Level 1.7 Stealth
 + Level 1.9 Spellcasting
 + Level 4.5 Necromancy


You had 4 spell levels left.
You knew the following spells:

 Your Spells              Type           Power        Failure   Level  Hunger
a - Pain                  Necr           ###.         4%          1    ##.....


Dungeon Overview and Level Annotations

Branches:
Dungeon (2/15)

Altars:


Message History

You hit the kobold.
You kill the kobold!
You closely miss the hobgoblin. You closely miss the goblin.
The goblin hits you with a club.
The hobgoblin hits you but does no damage.
The goblin barely misses you.
The hobgoblin hits you but does no damage.
You see here a kobold corpse.
The adder hisses angrily.
The hobgoblin barely misses you.
A dart slug comes into view.
There is a stone staircase leading up here.
The adder bites you but does no damage. The hobgoblin barely misses you.
The adder completely misses you. The goblin barely misses you.
You climb upwards.
There is a stone staircase leading down here.
The hobgoblin hits you with a club.
* * * LOW HITPOINT WARNING * * *
The adder bites you.
You die...

#........## #...............
##.....#..# #...........#...
##....##.######.....(....##...
##................##..#.##...
#...#######....#.....#......
#...# ####............... #...#
#.......#.#........ #####
#......##..........
####g@....####........
#..g>S....# #........
##.###....#####......#. #####
#..###................. #...##
#†##............#...... ###..##
#.##...................
#...#####.....#......#.##.#[###
##.........####......#.#..#.# #
#.###.....####..##..#....#.###


You could see an adder, a hobgoblin and a goblin.

Vanquished Creatures
  An adder (D:2)
  A leopard gecko (D:1)
  A giant cockroach (D:1)
  A goblin (D:1)
  2 hobgoblins (D:1)
  3 bats (D:1)
  5 kobolds
  9 rats
  2 fungi (D:1)
25 creatures vanquished.

Notes
Turn   | Place    | Note
-------+----------+-------------------------------------------
     0 | D:1      | urgleburgle the Hill Orc Necromancer began the quest for the Orb.
     0 | D:1      | Reached XP level 1. HP: 14/14 MP: 3/3
   468 | D:1      | Reached XP level 2. HP: 17/20 MP: 2/4
  1118 | D:2      | Reached XP level 3. HP: 17/26 MP: 0/5
  1128 | D:1      | Slain by an adder

Vault maps used:
D:1:      onia_arrival_larder, minmay_gold_behind_fungi
D:2:      first_ration, dk_noncrumbling_3, uniq_crazy_yiuf_cottage, uniq_sigmund

Action                   || total
-------------------------++-------
Melee: Hand axe          ||    44
       Unarmed           ||     4
 Cast: Pain              ||    24
  Use: Scroll            ||     3
 Stab: Sleeping          ||     1
Armor: Robe              ||     2
       Leather armour    ||    13
Dodge: Dodged            ||    32

Table legend:
 A = Spawn XP
 B = Non-spawn XP
 C = Spawn XP percentage of total XP
 D = Spawn monster count
 E = Non-spawn monster count
 F = Spawn count percentage of total count
 G = Total turns spent on level
                    A         B        C        D         E        F      G
               +---------+---------+-------+---------+---------+-------+---------
         Total |       0 |      43 |   0.0 |       0 |      23 |   0.0 |  1128
               +---------+---------+-------+---------+---------+-------+---------
           D:1 |       0 |      25 |   0.0 |       0 |      17 |   0.0 |  1111
           D:2 |       0 |      18 |   0.0 |       0 |       6 |   0.0 |    17
               +---------+---------+-------+---------+---------+-------+---------
